SAA
IRVING BLUE SOX @ CHESAPEAKE CONTINENTALS
09/13/2023
 
TOP OF THE 1ST
Irving Blue Sox batting - Pitching for Chesapeake Continentals : RHP Logan Gregory
Pitching: RHP Logan Gregory
Batting: RHB Jarred Morgan 0-0: Ball
1-0: Ground out 4-3 (Groundball, 4)
Batting: SHB Ricardo Franco 0-0: Fly out, F6 (Popup, 7S)
Batting: LHB Esteban Casillas 0-0: SINGLE (Groundball, 34D)
Batting: RHB Arturo Mateo 0-0: Foul Ball, location: 2F
0-1: Fly out, F9 (Flyball, 9LM)
Top of the 1st over - 0 run(s), 1 hit(s), 0 error(s), 1 left on base; Irving 0 - Chesapeake 0
BOTTOM OF THE 1ST
Chesapeake Continentals batting - Pitching for Irving Blue Sox : LHP Carlos Hernández
Pitching: LHP Carlos Hernández
Batting: RHB Héctor Hernández 0-0: Called Strike
0-1: Ball
1-1: Ball
2-1: Called Strike
2-2: Fly out, F2 (Popup, 15S)
Batting: LHB Cole Thrash 0-0: Ball
1-0: Called Strike
1-1: Ball
2-1: Ground out 4-3 (Groundball, 4)
Batting: RHB Mike Peterson 0-0: Foul Ball, location: 2F
0-1: Fly out, F9 (Flyball, 89S)
Bottom of the 1st over - 0 run(s), 0 hit(s), 0 error(s), 0 left on base; Irving 0 - Chesapeake 0
TOP OF THE 2ND
Irving Blue Sox batting - Pitching for Chesapeake Continentals : RHP Logan Gregory
Batting: RHB Carlos Maldonado 0-0: Foul Ball, location: 2F
0-1: Swinging Strike
0-2: Foul Ball, location: 2F
0-2: Foul Ball, location: 2F
0-2: Strikes out swinging
Batting: SHB Arnold Cramer 0-0: Called Strike
0-1: Ground out 4-3 (Groundball, 34)
Batting: RHB Rafael Delgado 0-0: Foul Ball, location: 2F
0-1: Ball
1-1: Ground out 5-3 (Groundball, 5)
Top of the 2nd over - 0 run(s), 0 hit(s), 0 error(s), 0 left on base; Irving 0 - Chesapeake 0
BOTTOM OF THE 2ND
Chesapeake Continentals batting - Pitching for Irving Blue Sox : LHP Carlos Hernández
Batting: RHB Ju-chan Pak 0-0: Ball
1-0: Ball
2-0: Ball
3-0: Base on Balls
Batting: LHB Arturo Ballina 0-0: Ball
1-0: Foul Ball, location: 2F
1-1: Grounds into double play, 4-6-3 (Groundball, 4)
Batting: SHB Thomas Sherman 0-0: Ground out U3 (Groundball, 3L)
Bottom of the 2nd over - 0 run(s), 0 hit(s), 0 error(s), 0 left on base; Irving 0 - Chesapeake 0
TOP OF THE 3RD
Irving Blue Sox batting - Pitching for Chesapeake Continentals : RHP Logan Gregory
Batting: RHB Gilberto Díaz 0-0: Called Strike
0-1: Foul Ball, location: 2F
0-2: SINGLE (Groundball, 34)
Batting: LHB Carlos Garza 0-0: Ball
1-0: Called Strike
Gilberto Díaz is caught stealing 2nd base
1-1: Called Strike
1-2: Strikes out swinging
Batting: RHB Jarred Morgan 0-0: Foul Ball, location: 2F
0-1: Called Strike
0-2: Foul Ball, location: 2F
0-2: Strikes out looking
Top of the 3rd over - 0 run(s), 1 hit(s), 0 error(s), 0 left on base; Irving 0 - Chesapeake 0
BOTTOM OF THE 3RD
Chesapeake Continentals batting - Pitching for Irving Blue Sox : LHP Carlos Hernández
Batting: LHB Roberto Sánchez 0-0: Foul Ball, location: 2F
0-1: Ball
1-1: Foul Ball, location: 2F
1-2: Strikes out swinging
Batting: RHB Miguel Cruz 0-0: Ball
1-0: Foul Ball, location: 2F
1-1: Called Strike
1-2: Ball
2-2: Foul Ball, location: 2F
2-2: Ball
3-2: Foul Ball, location: 2F
3-2: Strikes out swinging
Batting: RHB Gabriel Guerrero 0-0: Ball
1-0: Foul Ball, location: 2F
1-1: Foul Ball, location: 2F
1-2: Foul Ball, location: 2F
1-2: Hit by Pitch
Batting: RHB Héctor Hernández 0-0: Called Strike
0-1: Fielders Choice at 2nd, 6-4 (Groundball, 6)
Bottom of the 3rd over - 0 run(s), 0 hit(s), 0 error(s), 0 left on base; Irving 0 - Chesapeake 0
TOP OF THE 4TH
Irving Blue Sox batting - Pitching for Chesapeake Continentals : RHP Logan Gregory
Batting: SHB Ricardo Franco 0-0: Called Strike
0-1: Swinging Strike
0-2: Ball
1-2: Strikes out swinging
Batting: LHB Esteban Casillas 0-0: Called Strike
0-1: Ball
1-1: Swinging Strike
1-2: Ball
2-2: Strikes out swinging
Batting: RHB Arturo Mateo 0-0: Ball
1-0: Called Strike
1-1: Ball
2-1: Ground out 4-3 (Groundball, 4M)
Top of the 4th over - 0 run(s), 0 hit(s), 0 error(s), 0 left on base; Irving 0 - Chesapeake 0
BOTTOM OF THE 4TH
Chesapeake Continentals batting - Pitching for Irving Blue Sox : LHP Carlos Hernández
Batting: LHB Cole Thrash 0-0: Foul Ball, location: 2F
0-1: Called Strike
0-2: Strikes out swinging
Batting: RHB Mike Peterson 0-0: Ball
1-0: Ball
2-0: Swinging Strike
2-1: Foul Ball, location: 2F
2-2: Ball
3-2: Foul Ball, location: 2F
3-2: Fly out, F8 (Flyball, 8LD)
Batting: RHB Ju-chan Pak 0-0: Ball
1-0: Called Strike
1-1: Ball
2-1: Foul Ball, location: 2F
2-2: Ball
3-2: Strikes out looking
Bottom of the 4th over - 0 run(s), 0 hit(s), 0 error(s), 0 left on base; Irving 0 - Chesapeake 0
TOP OF THE 5TH
Irving Blue Sox batting - Pitching for Chesapeake Continentals : RHP Logan Gregory
Batting: RHB Carlos Maldonado 0-0: Fly out, F3 (Popup, 3)
Batting: SHB Arnold Cramer 0-0: Called Strike
0-1: Called Strike
0-2: Ground out 4-3 (Groundball, 34)
Batting: RHB Rafael Delgado 0-0: Ball
1-0: SINGLE (Groundball, 25) (infield hit)
Batting: RHB Gilberto Díaz 0-0: Ball
Rafael Delgado steals 2nd base
1-0: Ball
2-0: Called Strike
2-1: Foul Ball, location: 2F
2-2: SINGLE (Line Drive, 56D)
Rafael Delgado to third
Runner from 3rd tries for Home, SAFE, no throw or cutoff
Batting: LHB Carlos Garza 0-0: Foul Ball, location: 2F
0-1: Swinging Strike
0-2: Ball
1-2: Foul Ball, location: 2F
1-2: Ball
2-2: Ball
3-2: Foul Ball, location: 2F
3-2: Foul Ball, location: 2F
3-2: Base on Balls
Gilberto Díaz to second
Batting: RHB Jarred Morgan 0-0: Called Strike
0-1: Swinging Strike
0-2: Ball
1-2: Foul Ball, location: 2F
1-2: SINGLE (Line Drive, 6D)
Gilberto Díaz to third
Carlos Garza to second
Runner from 3rd tries for Home, SAFE, no throw or cutoff
Batting: SHB Ricardo Franco 0-0: Called Strike
0-1: Ball
1-1: Fielders Choice at 2nd, U4 (Groundball, 4M)
Top of the 5th over - 2 run(s), 3 hit(s), 0 error(s), 2 left on base; Irving 2 - Chesapeake 0
BOTTOM OF THE 5TH
Chesapeake Continentals batting - Pitching for Irving Blue Sox : LHP Carlos Hernández
Batting: LHB Arturo Ballina 0-0: Ball
1-0: Called Strike
1-1: Swinging Strike
1-2: Ball
2-2: Foul Ball, location: 2F
2-2: Ball
3-2: Base on Balls
Batting: SHB Thomas Sherman 0-0: Swinging Strike
0-1: Called Strike
0-2: Ball
1-2: Foul Ball, location: 2F
1-2: Foul Ball, location: 2F
1-2: Ball
2-2: Fly out, F9 (Popup, 9LS)
Batting: LHB Roberto Sánchez 0-0: Ball
Arturo Ballina steals 2nd base
1-0: Ball
2-0: Fly out, F4 (Popup, 4MS)
Batting: RHB Miguel Cruz 0-0: Ball
1-0: Called Strike
1-1: Foul Ball, location: 2F
1-2: Ball
2-2: Foul Ball, location: 2F
2-2: Ball
3-2: Base on Balls
Batting: RHB Gabriel Guerrero 0-0: Called Strike
0-1: Foul Ball, location: 2F
0-2: Ball
1-2: Ground out 4-3 (Groundball, 6M)
Bottom of the 5th over - 0 run(s), 0 hit(s), 0 error(s), 2 left on base; Irving 2 - Chesapeake 0
TOP OF THE 6TH
Irving Blue Sox batting - Pitching for Chesapeake Continentals : RHP Logan Gregory
Batting: LHB Esteban Casillas 0-0: Called Strike
0-1: Ball
1-1: Fly out, F8 (Flyball, 8RM)
Batting: RHB Arturo Mateo 0-0: Ball
1-0: Called Strike
1-1: Called Strike
1-2: Fly out, F9 (Line Drive, 9M)
Batting: RHB Carlos Maldonado 0-0: Ball
1-0: Ball
2-0: Called Strike
2-1: Ground out 6-3 (Groundball, 6M)
Top of the 6th over - 0 run(s), 0 hit(s), 0 error(s), 0 left on base; Irving 2 - Chesapeake 0
BOTTOM OF THE 6TH
Chesapeake Continentals batting - Pitching for Irving Blue Sox : LHP Carlos Hernández
Batting: RHB Héctor Hernández 0-0: Called Strike
0-1: Called Strike
0-2: Foul Ball, location: 2F
0-2: Ground out 5-3 (Groundball, 5L)
Batting: LHB Cole Thrash 0-0: Ball
1-0: Fly out, F8 (Flyball, 8RM)
Batting: RHB Mike Peterson 0-0: Called Strike
0-1: Ball
1-1: Fly out, F9 (Flyball, 89D)
Bottom of the 6th over - 0 run(s), 0 hit(s), 0 error(s), 0 left on base; Irving 2 - Chesapeake 0
TOP OF THE 7TH
Irving Blue Sox batting - Pitching for Chesapeake Continentals : RHP Logan Gregory
Batting: SHB Arnold Cramer 0-0: Called Strike
0-1: Ball
1-1: Ball
2-1: Ground out 1-3 (Groundball, 15)
Batting: RHB Rafael Delgado 0-0: Ball
1-0: Foul Ball, location: 2F
1-1: DOUBLE (Groundball, 5L)
Batting: RHB Gilberto Díaz 0-0: Fly out, F8 (Flyball, 8RXD)
Runner from 2nd tags up, SAFE at 3rd, no throw
Batting: LHB Carlos Garza 0-0: Ground out 6-3 (Groundball, 6M)
Top of the 7th over - 0 run(s), 1 hit(s), 0 error(s), 1 left on base; Irving 2 - Chesapeake 0
BOTTOM OF THE 7TH
Chesapeake Continentals batting - Pitching for Irving Blue Sox : LHP Carlos Hernández
Batting: RHB Ju-chan Pak 0-0: Called Strike
0-1: SINGLE (Groundball, 56)
Batting: LHB Arturo Ballina 0-0: Ball
1-0: Swinging Strike
1-1: Ball
2-1: Ball
3-1: Called Strike
3-2: Strikes out swinging
Batting: SHB Thomas Sherman 0-0: Ball
1-0: Called Strike
1-1: Ball
2-1: Ball
3-1: Grounds into double play, 6-4-3 (Groundball, 6)
Bottom of the 7th over - 0 run(s), 1 hit(s), 0 error(s), 0 left on base; Irving 2 - Chesapeake 0
TOP OF THE 8TH
Irving Blue Sox batting - Pitching for Chesapeake Continentals : RHP Logan Gregory
Batting: RHB Jarred Morgan 0-0: Ball
1-0: Foul Ball, location: 2F
1-1: Ball
2-1: Ball
3-1: Called Strike
3-2: Strikes out swinging
Batting: SHB Ricardo Franco 0-0: Called Strike
0-1: Fly out, F3 (Line Drive, 3)
Batting: LHB Esteban Casillas 0-0: Called Strike
0-1: Ball
1-1: Foul Ball, location: 2F
1-2: Foul Ball, location: 2F
1-2: Fly out, F2 (Popup, 2LF)
Top of the 8th over - 0 run(s), 0 hit(s), 0 error(s), 0 left on base; Irving 2 - Chesapeake 0
BOTTOM OF THE 8TH
Chesapeake Continentals batting - Pitching for Irving Blue Sox : LHP Carlos Hernández
Batting: LHB Roberto Sánchez 0-0: Fly out, F7 (Flyball, 7M)
Batting: RHB Miguel Cruz 0-0: Called Strike
0-1: Ball
1-1: Ground out 5-3 (Groundball, 56)
Batting: RHB Gabriel Guerrero 0-0: Fly out, F2 (Popup, 23F)
Bottom of the 8th over - 0 run(s), 0 hit(s), 0 error(s), 0 left on base; Irving 2 - Chesapeake 0
TOP OF THE 9TH
Irving Blue Sox batting - Pitching for Chesapeake Continentals : RHP Logan Gregory
Pitching: RHP Brian Collingwood
Batting: RHB Arturo Mateo 0-0: Ball
1-0: Ground out 4-3 (Groundball, 4)
Batting: RHB Carlos Maldonado 0-0: Fly out, F8 (Flyball, 8RXD)
Batting: SHB Arnold Cramer 0-0: Called Strike
0-1: SINGLE (Line Drive, 8LS)
Batting: RHB Rafael Delgado 0-0: Ball
1-0: Ball
2-0: Ball
3-0: Called Strike
3-1: Swinging Strike
3-2: Foul Ball, location: 2F
3-2: Ground out 5-3 (Groundball, 56)
Top of the 9th over - 0 run(s), 1 hit(s), 0 error(s), 1 left on base; Irving 2 - Chesapeake 0
BOTTOM OF THE 9TH
Chesapeake Continentals batting - Pitching for Irving Blue Sox : LHP Carlos Hernández
Pitching: RHP Andy Perry
Batting: RHB Héctor Hernández 0-0: Foul Ball, location: 2F
0-1: Ball
1-1: Ground out 5-3 (Groundball, 5)
Batting: LHB Cole Thrash 0-0: Ball
1-0: Called Strike
1-1: Ball
2-1: Ball
3-1: Called Strike
3-2: Base on Balls
Batting: RHB Mike Peterson 0-0: Ball
1-0: Foul Ball, location: 2F
1-1: Foul Ball, location: 2F
1-2: Ball
Wild Pitch!
Cole Thrash to second
2-2: Ball
3-2: Ground out 3-1 (Groundball, 34)
Cole Thrash to third
Batting: RHB Ju-chan Pak 0-0: Ball
1-0: Called Strike
1-1: Called Strike
1-2: Foul Ball, location: 2F
1-2: Ground out 6-3 (Groundball, 6)
Bottom of the 9th over - 0 run(s), 0 hit(s), 0 error(s), 1 left on base; Irving 2 - Chesapeake 0
This league is powered by Out of the Park Baseball, the baseball management simulation game for PC, Mac and Linux
Friday, July 8th, 2016 - OOTP Baseball 16.9 Build 39